 Dungeon Crawl Stone Soup version 0.25-a0-353-ged6d54792d (webtiles) character file.

Game seed: 6132607566103067310, levelgen mode: classic

4496 Borgoz the Carver (level 10, -6/64 HPs)
             Began as a Gargoyle Berserker on Jan 1, 2020.
             Was an Elder of Trog.
             Mangled by a bone dragon (7 damage)
             ... on level 2 of the Abyss.
             The game lasted 00:15:32 (8118 turns).

Borgoz the Carver (Gargoyle Berserker)              Turns: 8118, Time: 00:15:33

Health: -6/64      AC: 26    Str: 24    XL:     10   Next: 38%
Magic:  0/10       EV:  9    Int:  8    God:    Trog [****..]
Gold:   442        SH:  0    Dex:  9    Spells: 9/9 levels left

rFire    . . .     SeeInvis .   D - +0 scimitar
rCold    . . .     Gourm    .   (no shield)
rNeg     + + .     Faith    .   a - +0 plate armour
rPois    ∞         Spirit   +   x - +0 helmet
rElec    +         Reflect  .   g - +0 cloak
rCorr    .         Harm     .   t - +0 pair of gloves
MR       .....                  (no boots)
Stlth    ..........             h - amulet of guardian spirit
HPRegen  0.20/turn              f - +2 ring of protection
MPRegen  0.12/turn              k - ring of positive energy

@: about to teleport
A: negative energy resistance 1, electricity resistance, unbreathing,
petrification resistance, rot immunity, AC +7
a: Berserk, Trog's Hand, Brothers in Arms, Renounce Religion


You were on level 2 of the Abyss.
You worshipped Trog.
Trog was greatly pleased with you.
You were not hungry.

You visited 1 branch of the dungeon, and saw 8 of its levels.
You visited the Abyss 1 time.

You collected 474 gold pieces.
You spent 32 gold pieces at shops.

Inventory:

Hand Weapons
 b - the +8 dagger of Fotsazejure {antimagic, Str+3 Int-5 Stlth+}
   (Trog gifted it to you on level 5 of the Dungeon)

   It reduces the magical energy of the wielder, and disrupts the spells and
   magical abilities of those hit.
   Natural abilities and divine invocations are not affected.
   It affects your strength (+3).
   It affects your intelligence (-5).
   It makes you more stealthy.
 D - a +0 scimitar (weapon)
Armour
 a - a +0 plate armour (worn)
 g - a +0 cloak (worn)
 t - a +0 pair of gloves (worn)
 x - a +0 helmet (worn)
Jewellery
 f - a +2 ring of protection (left hand)
 h - an amulet of guardian spirit (around neck)
 k - a ring of positive energy (right hand)
 E - an uncursed amulet of rage
Wands
 j - a wand of paralysis (12)
 w - a wand of random effects (12)
 B - a wand of iceblast (8)
Scrolls
 e - 6 scrolls of fog
 i - a scroll of remove curse {unknown}
 l - 4 scrolls of fear
 m - 2 scrolls of noise {unknown}
 n - a scroll of enchant weapon
 o - a scroll of magic mapping {unknown}
 q - 4 scrolls of teleportation
 F - a scroll of blinking {unknown}
Potions
 d - a potion of might
 p - 4 potions of curing
 s - 2 potions of haste
 u - 2 potions of cancellation
 v - a potion of ambrosia
 z - a potion of heal wounds
 C - 2 potions of magic
Comestibles
 c - 13 rations


   Skills:
 + Level 8.1 Fighting
 * Level 9.0 Long Blades
 + Level 7.6 Armour
 + Level 5.7 Dodging


You had 9 spell levels left.
You didn't know any spells.
Your spell library was empty.

Dungeon Overview and Level Annotations

Branches:
Dungeon (8/15)             Temple (0/1) D:7
   Lair: D:8-11

Altars:
Dithmenos
Elyvilon
Makhleb
Okawaru

Shops:
D:7 =[?


Innate Abilities, Weirdness & Mutations

You are resistant to torment.
Your stone body is resilient. (AC +7)
You are immune to poison.
You resist negative energy. (rN+)
You are resistant to electric shocks. (rElec)
You can survive without breathing.
You are immune to petrification.
You are immune to rotting.


Message History

The bone dragon bites you but does no damage.
The bone dragon claws you but does no damage.
The bone dragon tramples you!
* * * LOW HITPOINT WARNING * * *
You stumble backwards!
A small abomination comes into view.
An apocalypse crab comes into view.
A white very ugly thing comes into view.
The white very ugly thing gurgles horribly!
You hear a horrible gurgling sound! x2
A white ugly thing comes into view.
You barely miss the small abomination.
The small abomination hits you but does no damage.
A white ugly thing comes into view.
The bone dragon bites you!
* * * LOW HITPOINT WARNING * * *
The bone dragon claws you!
* * * LOW HITPOINT WARNING * * *
The bone dragon tramples you!
You die...

..u.. ... ...
..t #'# .. #.#
. #.# . ##x##≈
# ##@D.#≈≈#
#.....#
##...#..... #
##.##.#### #
#..# ..# .. .
##
.##..##..##.. .
........... ...
.
...............
## #..# ..##.
##. .#


You could see a bone dragon, an apocalypse crab and a small abomination.

Vanquished Creatures
  A mana viper (Abyss:2)
  Joseph (D:8)
  Prince Ribbit (D:6)
  Sigmund (D:3)
  2 humans (D:7)
  Edmund (D:6)
  A water moccasin (D:7)
  Duvessa (D:4)
  An orc warrior (D:6)
  A sky beast (D:6)
  An ice beast (D:8)
  A phantom (D:6)
  A black bear (D:6)
  3 centaurs
  6 ogres
  5 bullfrogs
  Dowan (D:4)
  A scorpion (D:7)
  A howler monkey (D:5)
  A crimson imp (D:5)
  A centaur zombie (D:8)
  2 hounds
  2 orc priests
  A bullfrog skeleton (D:6)
  A quasit (D:8)
  A centaur skeleton (D:4)
  3 jellies (D:2)
  Ijyb (D:5)
  5 orc wizards
  4 iguanas
  8 worker ants
  Robin (D:3)
  2 worker ant zombies
  8 adders
  A howler monkey skeleton (D:5)
  A shadow imp (D:8)
  9 oozes
  5 worms
  2 dart slugs
  4 leopard geckos (D:4)
  30 orcs
  A ball python (D:5)
  6 giant cockroaches
  21 goblins
  13 hobgoblins
  9 jackals
  12 kobolds
  5 quokkas
  4 bats
  5 frilled lizards
  A jackal skeleton (D:2)
  A jackal zombie (D:7)
  6 rats
208 creatures vanquished.

Vanquished Creatures (others)
  5 fungi (D:2)
  8 toadstools (D:2)
13 creatures vanquished.

Grand Total: 221 creatures vanquished

Notes
Turn   | Place    | Note
-------+----------+-------------------------------------------
     0 | D:1      | Borgoz the Gargoyle Berserker began the quest for the Orb.
     0 | D:1      | Reached XP level 1. HP: 14/14 MP: 1/1
   189 | D:1      | Reached XP level 2. HP: 17/19 MP: 2/2
   913 | D:2      | Reached skill level 3 in Long Blades
   913 | D:2      | Reached XP level 3. HP: 24/24 MP: 3/3
   958 | D:2      | Found a white marble altar of Elyvilon.
   960 | D:2      | Found a shadowy altar of Dithmenos.
  1029 | D:2      | Reached ** piety under Trog
  1216 | D:2      | Reached XP level 4. HP: 16/29 MP: 4/4
  1748 | D:3      | Reached XP level 5. HP: 27/33 MP: 5/5
  2035 | D:2      | Reached skill level 4 in Long Blades
  2038 | D:2      | Reached XP level 6. HP: 19/39 MP: 4/6
  2132 | D:2      | Reached *** piety under Trog
  2301 | D:3      | Noticed Sigmund
  2672 | D:4      | Noticed Duvessa
  2672 | D:4      | Noticed Dowan
  2682 | D:4      | Killed Duvessa
  2682 | D:4      | Reached skill level 5 in Fighting
  2682 | D:4      | Reached XP level 7. HP: 44/44 MP: 5/7
  2683 | D:4      | Killed Dowan
  2684 | D:4      | Reached skill level 5 in Long Blades
  3044 | D:3      | Reached **** piety under Trog
  3331 | D:3      | Noticed Robin
  3345 | D:3      | Killed Robin
  3682 | D:4      | Reached XP level 8. HP: 50/50 MP: 8/8
  3767 | D:3      | Killed Sigmund
  3767 | D:3      | Reached skill level 5 in Armour
  4184 | D:5      | Entered Level 5 of the Dungeon
  4307 | D:5      | Noticed Ijyb
  4317 | D:5      | Killed Ijyb
  4381 | D:5      | Reached skill level 6 in Long Blades
  5427 | D:5      | Reached ***** piety under Trog
  5427 | D:5      | Received a gift from Trog
  5442 | D:5      | Got an encrusted dagger {god gift}
  5443 | D:5      | Identified the +8 dagger of Fotsazejure {antimagic, Str+3
                  | Int-5 Stlth+} (Trog gifted it to you on level 5 of the
                  | Dungeon)
  5714 | D:6      | Reached XP level 9. HP: 55/56 MP: 3/9
  5785 | D:6      | Noticed Prince Ribbit
  5797 | D:6      | Killed Prince Ribbit
  5797 | D:6      | Reached skill level 7 in Long Blades
  5870 | D:6      | You fall into a shaft and drop 2 floors!
  5891 | D:8      | Found a burning altar of Makhleb.
  5924 | D:8      | Noticed Joseph
  5948 | D:8      | Killed Joseph
  6150 | D:7      | Found a staircase to the Ecumenical Temple.
  6173 | D:7      | Found Egue's Armour Shop.
  6180 | D:7      | Found Xuom's Jewellery Shop.
  6234 | D:7      | Reached skill level 5 in Dodging
  6300 | D:7      | Reached skill level 8 in Long Blades
  6424 | D:7      | Found an iron altar of Okawaru.
  6879 | D:6      | Noticed Edmund
  6894 | D:6      | Killed Edmund
  6894 | D:6      | Reached XP level 10. HP: 57/63 MP: 8/10
  7469 | D:7      | Found Gamoezau's Magic Scroll Shop.
  7472 | D:7      | Bought a scroll of identify for 32 gold pieces
  7918 | D:8      | Cast into level 2 of the Abyss (big kobold)
  7952 | Abyss:2  | Noticed a large abomination
  7964 | Abyss:2  | Noticed a bone dragon
  7974 | Abyss:2  | Noticed a mana viper
  7995 | Abyss:2  | Killed a mana viper
  7995 | Abyss:2  | Reached skill level 9 in Long Blades
  8013 | Abyss:2  | Noticed a thrashing horror
  8021 | Abyss:2  | Noticed a great orb of eyes
  8026 | Abyss:2  | HP: 3/64 [large abomination (17)]
  8099 | Abyss:2  | Found a basalt altar of Yredelemnul.
  8105 | Abyss:2  | Noticed a bone dragon
  8115 | Abyss:2  | Noticed an apocalypse crab
  8115 | Abyss:2  | Noticed a white very ugly thing
  8116 | Abyss:2  | Noticed a white ugly thing
  8117 | Abyss:2  | Noticed a white ugly thing
  8118 | Abyss:2  | HP: 1/64 [bone dragon (5)]
  8118 | Abyss:2  | Mangled by a bone dragon

Levels and vault maps discovered:
D:1:      sevenhm_arrival_forest_fort_small_3, layout_rooms, serial_rivers,
          chequers_serial_rivers_small_3, chequers_serial_rivers_room_a,
          chequers_serial_rivers_large_a, chequers_serial_rivers_room_a,
          chequers_serial_rivers_small_a
D:2:      cheibrodos_fertilizer, layout_basic,
          chequers_temple_overflow_statue_of_worship, grunt_ministairs_4,
          minmay_cut_off
D:3:      layout_loops_ring, uniq_sigmund, uniq_robin
D:4:      layout_cave_pods, hangedman_decor_clover_reticule, uniq_duvessa
D:5:      layout_loops_corners, first_ration, kennysheep_diamond,
          solitary_fountain, uniq_ijyb
D:6:      layout_layer_cave, uniq_prince_ribbit1, uniq_edmund
D:7:      layout_cave_pools, temple_doors_cd, serial_shops, shop_statue,
          nicolae_shop_window_shopping, kennysheep_mini, okawaru_humans
D:8:      layout_basic, basic_altar, uniq_joseph
Abyss:2:  base: D:5, minivault_19, minivault_20

Skill      XL: |  1  2  3  4  5  6  7  8  9 10 |
---------------+-------------------------------+-----
Long Blades    | 3 4 5 6 8 9 |  9.0
Dodging        | 2 3 4 5 |  5.7
Fighting       | 4 5 6 7 8 |  8.1
Armour         | 3 4 5 7 |  7.6

Action                   |  1- 3 |  4- 6 |  7- 9 | 10-12 || total
-------------------------+-------+-------+-------+-------++-------
Melee: Falchion          |    95 |   178 |   347 |       ||   620
       Dagger            |       |       |    64 |       ||    64
       Scimitar          |       |       |   128 |   103 ||   231
Invok: Berserk           |       |     3 |     7 |     2 ||    12
Evoke: Wand              |       |       |       |     1 ||     1
  Use: Potion            |     1 |       |     2 |       ||     3
       Scroll            |       |     1 |     1 |     9 ||    11
  Eat: Chunk             |     1 |     7 |    19 |     3 ||    30
       Ration            |       |       |     1 |     1 ||     2
Armor: Ring mail         |    45 |    94 |   149 |       ||   288
       Animal skin       |     1 |       |       |       ||     1
       Scale mail        |       |       |    35 |       ||    35
       Plate armour      |       |       |    99 |   115 ||   214
Dodge: Dodged            |    61 |   107 |   262 |    63 ||   493
       Rpst.: Falchion   |    21 |    45 |    61 |       ||   127
       Scimitar          |       |       |    11 |    11 ||    22

Table legend:
 A = Non-vault XP
 B = Vault XP
 C = Vault XP percentage of total XP
 D = Non-vault monster count
 E = Vault monster count
 F = Vault count percentage of total count
                 A         B        C        D         E       F
            +---------+---------+-------+---------+---------+-------
      Total |    4288 |    2136 |  33.3 |     164 |      44 |  21.2
            +---------+---------+-------+---------+---------+-------
        D:1 |      29 |       0 |   0.0 |      16 |       0 |   0.0
        D:2 |      80 |     195 |  70.9 |      17 |      21 |  55.3
        D:3 |     168 |     273 |  61.9 |      31 |      14 |  31.1
        D:4 |     461 |     223 |  32.6 |      32 |       2 |   5.9
        D:5 |     611 |     154 |  20.1 |      26 |       2 |   7.1
        D:6 |     983 |     425 |  30.2 |      16 |       2 |  11.1
        D:7 |     825 |     406 |  33.0 |      17 |       2 |  10.5
        D:8 |     563 |     460 |  45.0 |       8 |       1 |  11.1
    Abyss:2 |     568 |       0 |   0.0 |       1 |       0 |   0.0
            +---------+---------+-------+---------+---------+-------
